 Dungeon Crawl Stone Soup version 0.21.1-1-g345015f (webtiles) character file.

20 tidbits the Chiller (level 2, 0/20 HPs)
             Began as a Gnoll Ice Elementalist on June 5, 2018.
             Killed from afar by an orc wizard (9 damage)
             ... with a puff of flame
             ... on level 5 of the Dungeon.
             The game lasted 00:03:32 (226 turns).

tidbits the Chiller (Gnoll Ice Elementalist)         Turns: 226, Time: 00:03:33

Health: 0/20       AC:  2    Str: 10    XL:     2   Next: 79%
Magic:  7/7        EV: 14    Int: 17    God:
Gold:   41         SH:  0    Dex: 15    Spells: 9/10 levels left

rFire    . . .     SeeInvis .   i - +0 long sword
rCold    . . .     Gourm    .   (no shield)
rNeg     . . .     Faith    .   f - +0 robe
rPois    .         Spirit   .   (no helmet)
rElec    .         Reflect  .   (no cloak)
rCorr    .         Harm     .   (no gloves)
MR       .....                  (no boots)
Stlth    +++.......             (no amulet)
HPRegen  0.06/turn              (no ring)
MPRegen  0.10/turn              (no ring)

@: no status effects
A: distributed training, fangs 1, strong nose
a: no special abilities


You were on level 5 of the Dungeon.
You were not hungry.

You visited 1 branch of the dungeon, and saw 5 of its levels.

You collected 41 gold pieces.

Inventory:

Hand Weapons
 a - a +0 hand axe
 i - a +0 long sword (weapon)
 j - a +0 fustibalus
Missiles
 e - 24 arrows
 m - 22 stones (quivered)
Armour
 f - a +0 robe (worn)
Wands
 l - a wand of flame (22)
Scrolls
 d - a scroll of enchant armour {unknown}
 h - a scroll of identify {unknown}
 k - a scroll of blinking {unknown}
Books
 b - a book of Frost

   Spells                             Type                      Level
   a - Freeze                         Ice                          1
   b - Throw Frost                    Conjuration/Ice              2
   c - Ozocubu's Armour               Charms/Ice                   3
   d - Throw Icicle                   Conjuration/Ice              4
   e - Summon Ice Beast               Ice/Summoning                4
Comestibles
 c - 3 rations


   Skills:
 + Level 0.5 Fighting
 + Level 0.5 Short Blades
 + Level 0.5 Long Blades
 + Level 0.5 Axes
 + Level 0.5 Maces & Flails
 + Level 0.5 Polearms
 + Level 0.5 Staves
 + Level 0.5 Slings
 + Level 0.5 Bows
 + Level 0.5 Crossbows
 + Level 0.5 Throwing
 + Level 0.5 Armour
 + Level 4.5 Dodging
 + Level 4.1 Stealth
 + Level 0.5 Shields
 + Level 0.5 Unarmed Combat
 + Level 4.9 Spellcasting
 + Level 2.0 Conjurations
 + Level 0.3 Hexes
 + Level 0.3 Charms
 + Level 0.3 Summonings
 + Level 0.3 Necromancy
 + Level 0.3 Translocations
 + Level 0.3 Transmutations
 + Level 0.3 Fire Magic
 + Level 5.3 Ice Magic
 + Level 0.3 Air Magic
 + Level 0.3 Earth Magic
 + Level 0.3 Poison Magic
 + Level 0.6 Invocations
 + Level 0.5 Evocations


You had 9 spell levels left.
You knew the following spells:

 Your Spells              Type           Power        Failure   Level  Hunger
a - Freeze                Ice            ###.         1%          1    None


Dungeon Overview and Level Annotations

Branches:
Dungeon (5/15)
 Temple: D:4-7

Altars:


Innate Abilities, Weirdness & Mutations

Your experience applies equally to all skills.
You have very sharp teeth.
Your uncanny sense of smell can sniff out nearby items.


Message History

Unknown command.
There is a stone staircase leading down here.
You climb downwards.
There is a stone staircase leading up here.
Unknown command.
There is a stone staircase leading up here.
Found a scroll labeled VUMUERREON.
You see here a scroll labeled VUMUERREON.
k - a scroll labeled VUMUERREON
Found 22 stones and a glowing iron wand.
Found a ration.
Found 22 sling bullets.
Found a stone staircase leading down.
A worker ant comes into view.
You see here a ration.
c - 3 rations (gained 1)
An orc comes into view. It is wielding a flail.
The orc shouts!
An orc wizard comes into view. It is wielding a dagger.
An orc comes into view. It is wielding a war axe.
You see here a wand of flame (25).
l - a wand of flame (25)
The orc shouts!
You see here 22 stones.
m - 22 stones The orc wizard casts a cantrip, but nothing happens.
Casting: Freeze
Confirm with . or Enter, or press ? or * to list all spells.
Aiming: Freeze
Press: ? - help, Shift-Dir - straight line, f - orc
Aim: an orc, wielding a flail You freeze the orc.
The orc is moderately wounded.
The orc hits you with a flail.
Casting: Freeze
Confirm with . or Enter, or press ? or * to list all spells.
Aiming: Freeze
Press: ? - help, Shift-Dir - straight line, f/p - orc
Aim: an orc, wielding a flail (moderately wounded)
You freeze the orc.
The orc is heavily wounded.
Casting: Freeze
Confirm with . or Enter, or press ? or * to list all spells.
Aiming: Freeze
Press: ? - help, Shift-Dir - straight line, f/p - orc
Aim: an orc, wielding a flail (heavily wounded)
You freeze the orc.
You kill the orc!
Casting: Freeze
Confirm with . or Enter, or press ? or * to list all spells.
Aiming: Freeze
Press: ? - help, Shift-Dir - straight line, f - orc wizard
Aim: an orc wizard, wielding a dagger and wearing a robe You freeze the orc wizard.
The orc wizard is lightly wounded.
The orc wizard closely misses you.
A centaur comes into view.
The orc wizard casts a spell at you. The magic dart hits you!
The orc wizard points at you and mumbles some strange words.
The magic dart hits you!
Ouch! That really hurt!
* * * LOW HITPOINT WARNING * * *
It was a potion of ambrosia.
You are confused.
You feel invigorated.
You bump into the rock wall.
The orc closely misses you.
You bump into the rock wall.
You feel less invigorated.
You feel less confused. The orc hits you with a war axe!
* * * LOW HITPOINT WARNING * * *
Casting: Freeze
Confirm with . or Enter, or press ? or * to list all spells.
Aiming: Freeze
Press: ? - help, Shift-Dir - straight line, f - orc, p - orc wizard
Aim: an orc, wielding a war axe You freeze the orc.
You kill the orc!
The orc wizard gestures wildly while chanting.
The orc wizard seems to speed up.
Evoke which item? (* to show all) (? for menu, Esc to quit)
Aiming: Throw Flame
Press: ? - help, Shift-Dir - straight line, f - orc wizard
Aim: an orc wizard, wielding a dagger and wearing a robe (lightly wounded, fast)
The puff of flame hits the orc wizard.
The orc wizard is heavily wounded.
The orc wizard looks satisfied for a moment.
Evoke which item? (* to show all) (? for menu, Esc to quit)
Aiming: Throw Flame
Press: ? - help, Shift-Dir - straight line, f/p - orc wizard
Aim: an orc wizard, wielding a dagger and wearing a robe (heavily wounded, fast)
The puff of flame misses the orc wizard.
Evoke which item? (* to show all) (? for menu, Esc to quit)
Aiming: Throw Flame
Press: ? - help, Shift-Dir - straight line, f/p - orc wizard
Aim: an orc wizard, wielding a dagger and wearing a robe (heavily wounded, fast)
The puff of flame misses the orc wizard.
The orc wizard points at you and mumbles some strange words.
The puff of flame hits you!
You die...

.....#######.....
.............#####
#................o
#............####
...........).####
##.#.##.#.......(.
# # #.#c##.#####
#.#o##.# #.#@##.#
#.#.##.#
#.##.#.##.####
#............#
####.#.......#
.....####.##.##
..............#
###.....#.##.##
#.###.#.# .#


You could see a centaur and an orc wizard.

Vanquished Creatures
  An ooze (D:1)
  A dart slug (D:1)
  2 orcs (D:5)
  2 bats
  A goblin (D:2)
  2 jackals (D:5)
  A frilled lizard (D:4)
  3 rats
13 creatures vanquished.

Notes
Turn   | Place    | Note
-------+----------+-------------------------------------------
     0 | D:1      | tidbits the Gnoll Ice Elementalist began the quest for the Orb.
     0 | D:1      | Reached XP level 1. HP: 13/13 MP: 6/6
    34 | D:1      | Reached skill level 2 in Conjurations
    34 | D:1      | Reached XP level 2. HP: 9/19 MP: 3/7
   138 | D:5      | Entered Level 5 of the Dungeon
   216 | D:5      | Noticed a centaur
   217 | D:5      | HP: 1/20 [orc wizard/magic dart (10)]
   226 | D:5      | Killed from afar by an orc wizard

Skill      XL: |  1 |
---------------+----+-----
Conjurations   | 2 |  2.0
Fighting       | |  0.5
Short Blades   | |  0.5
Long Blades    | |  0.5
Axes           | |  0.5
Maces & Flails | |  0.5
Polearms       | |  0.5
Staves         | |  0.5
Slings         | |  0.5
Bows           | |  0.5
Crossbows      | |  0.5
Throwing       | |  0.5
Armour         | |  0.5
Dodging        | |  4.5
Stealth        | |  4.1
Shields        | |  0.5
Unarmed Combat | |  0.5
Spellcasting   | |  4.9
Hexes          | |  0.3
Charms         | |  0.3
Summonings     | |  0.3
Necromancy     | |  0.3
Translocations | |  0.3
Transmutations | |  0.3
Fire Magic     | |  0.3
Ice Magic      | |  5.3
Air Magic      | |  0.3
Earth Magic    | |  0.3
Poison Magic   | |  0.3
Invocations    | |  0.6
Evocations     | |  0.5

Action                   || total
-------------------------++-------
Melee: Hand axe          ||     5
 Cast: Freeze            ||    20
Evoke: Wand              ||     3
  Use: Potion            ||     1
 Stab: Sleeping          ||     1
Armor: Robe              ||     2
Dodge: Dodged            ||    12
       Rpst.: Long sword ||     1

Table legend:
 A = Turns spent in this place as a percentage of turns spent in the entire game.
 B = Non-inter-level travel turns spent in this place as a percentage of non-inter-level travel turns spent in the entire game.
 C = Inter-level travel turns spent in this place as a percentage of turns spent in this place.
 D = Turns resting spent in this place as a percentage of non-inter-level travel turns spent in this place.
 E = Turns spent auto-exploring this place as a percentage of non-inter-level travel turns spent in this place.
 F = Non-inter-level travel turns spent in this place divided by the number of levels of this place that you've seen.
                   A       B       C       D       E      F
               +-------+-------+-------+-------+-------+----------------------
         Total | 100.0 | 100.0 |   0.0 |   0.0 |   0.0 |  45.2
       Dungeon | 100.0 | 100.0 |   0.0 |   0.0 |   0.0 |  45.2
               +-------+-------+-------+-------+-------+----------------------

Table legend:
 A = Kills in this place as a percentage of kills in entire the game.
 B = Kills by you in this place as a percentage of kills by you in the entire game.
 C = Kills by friends in this place as a percentage of kills by friends in the entire game.
 D = Other kills in this place as a percentage of other kills in the entire game.
 E = Experience gained in this place as a percentage of experience gained in the entire game.
 F = Experience gained in this place divided by the number of levels of this place that you have seen.
                   A       B       C       D       E      F
               +-------+-------+-------+-------+-------+----------------------
         Total | 100.0 | 100.0 |   N/A |   N/A | 100.0 |   5.8
       Dungeon | 100.0 | 100.0 |   N/A |   N/A | 100.0 |   5.8
               +-------+-------+-------+-------+-------+----------------------

Vault maps used:
D:1:      onia_arrival_handbag, dk_noncrumbling_4, hangedman_decor_peaks_small
D:2:      minmay_misc_feat_columns, nrook_uturn, led_sif_pool, uniq_jessica
D:3:      first_ration, minmay_checkerbox, uniq_natasha
D:4:      kennysheep_slug_shrine, uniq_grinder
D:5:      uniq_crazy_yiuf_cottage
